 Dungeon Crawl Stone Soup version 0.18-a0-619-g89c329e (webtiles) character file.

51 Duffy the Chopper (level 3, -4/19 HPs)
             Began as a Vine Stalker Fighter on Dec 4, 2015.
             Slain by Sigmund
             ... wielding a +2 scythe of slicing
              (8 damage)
             ... on level 2 of the Dungeon.
             The game lasted 00:01:34 (1434 turns).

Duffy the Chopper (Vine Stalker Fighter)            Turns: 1434, Time: 00:01:35

Health: -4/19      AC:  8    Str: 19    XL:     3   Next: 83%
Magic:  0/4        EV:  6    Int:  8    God:
Gold:   77         SH:  9    Dex: 13    Spells: 0 memorised, 2 levels left

rFire  . . .     SeeInvis .     a - +0 war axe
rCold  . . .     Clarity  .     t - +0 chain mail
rNeg   . . .     SustAt   .     c - +0 shield
rPois  .         Gourm    .     (no helmet)
rElec  .         Spirit   +     (no cloak)
rCorr  .         Dismiss  .     (no gloves)
rMut   .         Stasis   .     (no boots)
MR     .....                    (no amulet)
Stlth  ..........               (no ring)
                                n - +2 ring of evasion

@: not resistant to hostile enchantments, extremely unstealthy
A: fangs 2, regeneration 1, magic shield, antimagic bite, no device heal 3, rot
immunity
a: no special abilities


You were on level 2 of the Dungeon.
You were hungry.

You visited 1 branch of the dungeon, and saw 2 of its levels.

You collected 77 gold pieces.


Innate Abilities, Weirdness & Mutations

You have extremely sharp teeth.
Your natural rate of healing is unusually fast.
When hurt, damage is shared between your health and your magic reserves.
Your bite disrupts and absorbs the magic of your enemies.
Potions and wands cannot restore your health.
You are immune to rotting.


   Skills:
 - Level 2.6 Fighting
 + Level 3.6 Axes
 - Level 2.4 Armour
 - Level 2.6 Shields


You had 2 spell levels left.
You didn't know any spells.

Inventory:

Hand Weapons
 a - a +0 war axe (weapon)
Missiles
 f - 28 poisoned needles
Armour
 b - a +0 scale mail
 c - a +0 shield (worn)
 t - a +0 chain mail (worn)
Jewellery
 n - a +2 ring of evasion (left hand)
 p - an uncursed amulet of stasis
 s - an uncursed ring of teleportation
Scrolls
 i - a scroll of teleportation {unknown}
 j - 2 scrolls of remove curse
 l - 3 scrolls of identify {unknown}
 q - a scroll of enchant armour {unknown}
Potions
 d - a potion of might
 g - a potion of degeneration {unknown}
 h - 2 potions of haste {unknown}
 o - a potion of resistance {unknown}
 r - 2 potions of curing {unknown}
Comestibles
 e - 2 bread rations
 k - 3 fruits
 m - a meat ration

Dungeon Overview and Level Annotations

Branches:
Dungeon (2/15)

Altars:

Annotations:
D:2 Sigmund


Message History

You swing at nothing.
You block the giant newt's attack.
Your chain mail prevents you from hitting the giant newt.
The giant newt bites you but does no damage.
You hit the giant newt.
You kill the giant newt!
You hit something. Your bite misses something. Something hits you!
You miss something. You bite something. You drain its magic.
You feel invigorated. Something hits you but does no damage.
You closely miss something. Your bite misses something.
Sigmund appears from thin air!
Reactivating autopickup.
Sigmund falters for a moment.
Sigmund hits you but does no damage.
You closely miss Sigmund. Your bite misses Sigmund.
Sigmund is moderately wounded.
You hit Sigmund. Your bite misses Sigmund.
Sigmund is moderately wounded.
You block Sigmund's attack.
You slash Sigmund!
Sigmund is heavily wounded.
Sigmund hits you with a scythe of slicing.
You hit Sigmund but do no damage. You bite Sigmund, but do no damage.
Sigmund is heavily wounded.
You block Sigmund's attack.
You barely miss Sigmund. You bite Sigmund.
Sigmund's magic leaks into the air.
You drain his magic.
You feel invigorated.
Sigmund is severely wounded.
Sigmund hits you with a scythe of slicing.
You hit Sigmund but do no damage. Your bite misses Sigmund.
Sigmund is severely wounded.
Sigmund falters for a moment.
You closely miss Sigmund. Your bite misses Sigmund.
Sigmund is severely wounded.
Sigmund falters for a moment.
Sigmund hits you with a scythe of slicing!
You die...

#.....# #...##.##.# #.#
#.########...##.##.# #.# #S#
#.........##.####.# #.#
#.................# #.#
#.........#...###.# #.#
##.##(.......#.....#
#######.####.#.#......#...###.#
#.......S..l###...........>...#
###.#####.####.#@####<#.#...#####
....# #.# ##@## #.#.#...###
###.### #.# #######.#.......#
#...# #.# ##............#
#.#.###.#######.....#...(...#
#.#.#....)...>........%...###
#.#....####.###.....#.....#
#........##.# ##.....%..###
###..[.#.##.# ####.#...##


You could see Sigmund.

Action                   || total
-------------------------++-------
Melee: War axe           ||    94
  Use: Scroll            ||     1
  Eat: Chunk             ||     1

Notes
Turn   | Place    | Note
--------------------------------------------------------------
     0 | D:1      | Duffy the Vine Stalker Fighter began the quest for the Orb.
     0 | D:1      | Reached XP level 1. HP: 11/11 MP: 2/2
    49 | D:1      | Reached skill level 2 in Axes
   170 | D:1      | Reached XP level 2. HP: 16/16 MP: 3/3
   885 | D:2      | Reached skill level 3 in Axes
   915 | D:2      | Reached XP level 3. HP: 16/19 MP: 2/4
  1389 | D:2      | Noticed Sigmund
  1434 | D:2      | Slain by Sigmund

Vault maps used:
D:1:      mrwooster_arrival_arrow
D:2:      uniq_crazy_yiuf_cottage, uniq_sigmund

Vanquished Creatures
  An adder
  An ooze
  A worm
  2 giant cockroaches
  4 goblins
  3 hobgoblins
  3 jackals
  A ball python
  7 bats
  4 giant newts
  4 kobolds
  4 rats
35 creatures vanquished.
